 Dungeon Crawl Stone Soup version 0.28-a0-872-g80cf8599ee (webtiles) character file.

Game seed: 7519238020021235135

148 Gwenloh the Ruffian (level 5, 0/42 HPs)
             Began as a Draconian Transmuter on Nov 20, 2021.
             Slain by a kobold brigand (4 damage)
             ... on level 3 of the Dungeon.
             The game lasted 00:08:47 (2718 turns).

Gwenloh the Ruffian (Draconian Transmuter)          Turns: 2718, Time: 00:08:47

Health: 0/42       AC:  5    Str: 13    XL:     5   Next: 8%
Magic:  6/8        EV: 12    Int: 13    God:
Gold:   55         SH:  0    Dex: 12    Spells: 3/9 levels left

rFire   + + .      SeeInvis .     - Unarmed
rCold   + + .      Faith    .   (no shield)
rNeg    . . .      Spirit   .   (armour unavailable)
rPois   +          Reflect  .   (helmet currently unavailable)
rElec   +          Harm     .   b - scarf {rC+ rF+}
rCorr   +          Rampage  .   (no gloves)
Will    .....                   (boots currently unavailable)
Stlth   +.........              (no amulet)
HPRegen 0.14/turn               (no ring)
MPRegen 0.11/turn               (no ring)

@: lethally poisoned (0 -> -2), appendages (expiring), resistant, wereblooded,
slowed, very slow
A: horns 2, talons 2, AC +5, unfitting armour, cold-blooded
a: End Transformation


You were on level 3 of the Dungeon.
You had temporarily grown beastly horns and talons.
You visited 1 branch of the dungeon, and saw 3 of its levels.

You collected 55 gold pieces.

Inventory:

Missiles
 c - 2 poisoned darts (quivered)
 g - 2 javelins
 h - 44 stones
Armour
 b - a scarf of resistance (worn)
 f - a +0 pair of boots (melded)
Jewellery
 k - a +4 ring of evasion
Wands
 a - a wand of polymorph (7)
Scrolls
 d - 2 scrolls of blinking {unknown}
 e - a scroll of amnesia {unknown}
 i - a scroll of magic mapping {unknown}
 l - 3 scrolls of vulnerability {unknown}
Potions
 m - a potion of curing {unknown}


   Skills:
 + Level 2.4 Fighting
 - Level 1.7 Dodging
 * Level 4.1 Unarmed Combat
 + Level 2.6 Spellcasting
 * Level 3.3 Transmutations


You had 3 spell levels left.
You knew the following spells:

 Your Spells              Type           Power      Damage    Failure   Level
a - Beastly Appendage     Tmut           20%        N/A       6%          1
b - Wereblood             Tmut           10%        N/A       9%          2
c - Spider Form           Tmut/Pois      6%         N/A       34%         3

Your spell library contained the following spells:

 Spells                   Type           Power      Damage    Failure   Level
 Ice Form                 Ice/Tmut       6%         N/A       75%         4


Dungeon Overview and Level Annotations

Branches:
Dungeon (3/15)

Altars:


Innate Abilities, Weirdness & Mutations

You have temporarily grown beastly horns and talons.
Your plain brown scales are hard. (AC +5)
You cannot fit into any form of body armour.
You are cold-blooded and may be slowed by cold attacks.


Message History

The poisoned dart hits you.
You are poisoned.
You feel sick.
The kobold brigand throws a poisoned dart.
The poisoned dart completely misses you.
Your transformation is almost over.
You feel sick.
The kobold brigand throws a curare-tipped dart.
The curare-tipped dart hits you.
You are more poisoned.
You have difficulty breathing.
You feel yourself slow down.
You hit the kobold brigand but do no damage.
You feel very sick.
The kobold brigand hits you with a +0 club.
You completely miss the kobold brigand.
Your tail-slap misses the kobold brigand.
You feel sick.
The kobold brigand hits you but does no damage.
The kobold brigand misses you.
You hit the kobold brigand but do no damage.
You feel sick.
The kobold brigand hits you with a +0 club.
The kobold brigand completely misses you.
The kobold brigand hits you with a +0 club!
* * * LOW HITPOINT WARNING * * *
The kobold brigand hits you with a +0 club.
* * * LOW HITPOINT WARNING * * *
You hit the kobold brigand but do no damage.
You claw the kobold brigand, but do no damage.
You tail-slap the kobold brigand, but do no damage.
* * * LOW HITPOINT WARNING * * *
You feel sick.
The kobold brigand hits you but does no damage.
The kobold brigand closely misses you.
It was a potion of resistance.
You feel protected.
* * * LOW HITPOINT WARNING * * *
You feel sick.
The kobold brigand hits you with a +0 club.
You die...

#.........#
###.##.#.#.#
.......#.#
.........#.# #
#####..###.## .#
#..##≈≈≈##.#
##..≈≈≈≈≈≈≈≈ ##
#..≈≈≈≈≈≈≈≈######...#
#.####≈≈≈###.@K......
#....#####....K..###.
## #)).).)..)..######
.###.###.)...###
.......#######
........# .######.#
.# .# .# #


You could see 2 kobold brigands.

Vanquished Creatures
  A hound (D:1)
  An iguana (D:2)
  2 adders (D:2)
  2 worms (D:2)
  2 dart slugs
  3 ball pythons (D:2)
  5 bats
  4 endoplasms
  2 giant cockroaches (D:1)
  4 goblins
  8 hobgoblins
  4 jackals
  14 kobolds
  2 frilled lizards
  7 rats
61 creatures vanquished.

Notes
Turn   | Place    | Note
-------+----------+-------------------------------------------
     0 | D:1      | Gwenloh the Draconian Transmuter began the quest for the
                  | Orb.
     0 | D:1      | Reached XP level 1. HP: 16/16 MP: 3/3
   303 | D:1      | Reached XP level 2. HP: 23/23 MP: 3/5
   319 | D:1      | Learned a level 2 spell: Wereblood
  1324 | D:2      | Reached XP level 3. HP: 29/29 MP: 4/6
  1371 | D:2      | Learned a level 3 spell: Spider Form
  1599 | D:2      | Reached XP level 4. HP: 8/36 MP: 5/7
  2026 | D:2      | Reached skill level 4 in Unarmed Combat
  2049 | D:2      | Found a faded altar of an unknown god.
  2617 | D:3      | Reached XP level 5. HP: 41/42 MP: 6/8
  2718 | D:3      | Slain by a kobold brigand

Illustrated notes

Levels and vault maps discovered:
D:1:      psy_arrival_spokes, layout_basic, minmay_pentomino_x4
D:2:      layout_basic, hellmonk_ecumenical_altar_dog_temple
D:3:      cheibrodos_thug_alley, layout_loops_ring, old_standard_altar,
          chequers_serial_rivers_micro_b, minmay_hedge_maze,
          uniq_crazy_yiuf_cottage

Skill      XL: |  1  2  3  4 |
---------------+-------------+-----
Fighting       | 2 |  2.4
Transmutations | 3 |  3.3
Unarmed Combat | 4 |  4.1
Dodging        | |  1.7
Spellcasting   | |  2.6

Action                   |  1- 3 |  4- 6 || total
-------------------------+-------+-------++-------
Melee: Unarmed           |    67 |    59 ||   126
       Kick              |    12 |    11 ||    23
       Tailslap          |     6 |     3 ||     9
       Headbutt          |     7 |     3 ||    10
       Punch             |     1 |       ||     1
Throw: Dart              |    21 |    23 ||    44
       Javelin           |       |     7 ||     7
 Cast: Beastly Appendage |    23 |    12 ||    35
       Wereblood         |     1 |     3 ||     4
  Use: Potion            |       |     1 ||     1
Armor: Skin              |    19 |    24 ||    43
Dodge: Dodged            |    34 |    36 ||    70

Table legend: (Time is in decaauts)
 A = Elapsed time spent in this place.
 B = Non-inter-level travel time spent in this place.
 C = Inter-level travel time spent in this place.
 D = Time resting spent in this place.
 E = Time spent auto-exploring this place.
 F = Levels seen in this place.
 G = Mean time per level.
                   A        B        C        D        E       F      G
               +--------+--------+--------+--------+--------+-----+--------+
         Total |   2716 |   2676 |     40 |    235 |   1897 |   3 |  905.3 |
       Dungeon |   2716 |   2676 |     40 |    235 |   1897 |   3 |  905.3 |
               +--------+--------+--------+--------+--------+-----+--------+

Top non-repeatable levels by time:
     D:2: 1337 daAuts
     D:1: 1239 daAuts
     D:3: 139 daAuts
